 Dungeon Crawl Stone Soup version 0.28-a0-1206-g193881aaa2 (webtiles) character file.

Game seed: 2286448207496673980

27 miscthings the Insei (level 2, 0/22 HPs)
             Began as a Demigod Transmuter on Dec 21, 2021.
             Slain by a goblin (5 damage)
             ... led by Robin
             ... on level 2 of the Dungeon.
             The game lasted 00:02:32 (1202 turns).

miscthings the Insei (Demigod Transmuter)           Turns: 1202, Time: 00:02:33

Health: 0/22       AC:  3    Str: 11    XL:     2   Next: 72%
Magic:  8/8        EV: 12    Int: 15    God:
Gold:   50         SH:  0    Dex: 14    Spells: 5/6 levels left

rFire   . . .      SeeInvis .     - Unarmed
rCold   . . .      Faith    .   (no shield)
rNeg    . . .      Spirit   .   a - +1 robe
rPois   .          Reflect  .   (no helmet)
rElec   .          Harm     .   (no cloak)
rCorr   .          Rampage  .   (no gloves)
Will    .....                   (no boots)
Stlth   +.........              (no amulet)
HPRegen 0.07/turn               (no ring)
MPRegen 0.11/turn               (no ring)

@: weak-willed
A: high mp 1, forlorn, divine attributes
a: no special abilities


You were on level 2 of the Dungeon.
You visited 1 branch of the dungeon, and saw 2 of its levels.

You collected 50 gold pieces.

Inventory:

Armour
 a - a +1 robe (worn)
 f - a +0 scale mail
 g - a +0 kite shield
Scrolls
 h - a scroll of magic mapping {unknown}
Potions
 b - a potion of curing
 c - 2 potions of invisibility {unknown}
 i - a potion of degeneration {unknown}


   Skills:
 - Level 0.8 Fighting
 - Level 1.7 Dodging
 - Level 2.6 Unarmed Combat
 + Level 2.5 Spellcasting
 + Level 2.4 Transmutations


You had 5 spell levels left.
You knew the following spells:

 Your Spells              Type           Power      Damage    Failure   Level
a - Beastly Appendage     Tmut           18%        N/A       8%          1

Your spell library contained the following spells:

 Spells                   Type           Power      Damage    Failure   Level
 Wereblood                Tmut           9%         N/A       12%         2
 Spider Form              Tmut/Pois      5%         N/A       36%         3
 Ice Form                 Ice/Tmut       5%         N/A       77%         4


Dungeon Overview and Level Annotations

Branches:
Dungeon (2/15)

Annotations:
D:2 Robin, Sigmund


Innate Abilities, Weirdness & Mutations

You have an increased reservoir of magic. (+10% MP)
You shall have no god before yourself.
Your divine heritage dramatically boosts your attributes as you level up.


Message History

The goblin hits you with a +0 dagger.
* * * LOW HITPOINT WARNING * * *
You hit Robin but do no damage. Robin completely misses you.
The goblin hits you but does no damage.
You hit Robin.
Robin is moderately wounded.
A goblin comes into view. It is wielding a +0 dagger.
Robin barely misses you. The goblin hits you with a +0 dagger.
* * * LOW HITPOINT WARNING * * *
It was a potion of curing.
You feel better.
The goblin shouts!
A goblin comes into view. It is wielding a +0 dagger.
The goblin closely misses you.
A goblin comes into view. It is wielding a +0 club.
The goblin shouts!
Robin roars a battlecry!
The goblins go into a battle-frenzy!
The goblin barely misses you.
You see here a +0 dagger.
Sigmund the Dreaded comes into view.
He is wielding a +0 scythe and wearing a +2 robe of cold resistance.
Sigmund shouts!
Your horns disappear.
Your talons disappear.
The goblin hits you with a +0 dagger.
* * * LOW HITPOINT WARNING * * *
As you read the scroll labelled GAEWNU NIYKHLO, it crumbles to dust.
It is a scroll of enchant armour.
Your +0 robe glows green for a moment.
Robin throws the goblin at you! The goblin barely misses you.
The goblin hits you but does no damage.
You closely miss the goblin. The goblin hits you with a +0 dagger.
* * * LOW HITPOINT WARNING * * *
You hit the goblin.
You kill the goblin!
The goblin barely misses you.
You see here a +0 dagger.
As you read the scroll labelled GAZYJUGOA, it crumbles to dust.
Magic quickly surges around you.
It was a scroll of vulnerability.
Robin throws the goblin at you! The goblin hits you but does no damage.
The goblin closely misses you. The goblin hits you with a +0 club.
You die...

##.####..#.#
♣.P..P♣ # .#
#...)<#
♣♣P..PP♣
#### .#
#....)#
♣..♣.♣♣
.....
#♣#♣.♣..#
♣♣P♣♣♣ ####.
..@...g.#
♣♣♣
.♣#♣.♣#@#
#(.##g#
#..##g#
#...@g#
#...#.#
#...###
..... ##.#.#
#... ##..
#..


You could see Sigmund (weak-willed) and 3 goblins.

Vanquished Creatures
  An endoplasm (D:1)
  2 giant cockroaches (D:1)
  11 goblins
  5 hobgoblins
  A quokka (D:2)
  A ball python (D:1)
  A rat (D:1)
22 creatures vanquished.

Vanquished Creatures (others)
  A plant (D:2)
1 creature vanquished.

Grand Total: 23 creatures vanquished

Notes
Turn   | Place    | Note
-------+----------+-------------------------------------------
     0 | D:1      | miscthings the Demigod Transmuter began the quest for the
                  | Orb.
     0 | D:1      | Reached XP level 1. HP: 15/15 MP: 5/5
   279 | D:1      | Reached XP level 2. HP: 20/22 MP: 5/7
   910 | D:2      | Noticed Robin
  1193 | D:2      | Noticed Sigmund
  1202 | D:2      | Slain by a goblin

Illustrated notes

Levels and vault maps discovered:
D:1:      roderic_chinese_lattice_arrival, layout_loops_ring,
          basic_ecumenical_altar
D:2:      layout_basic, serial_forest, infiniplex_forest_end_2,
          infiniplex_forest_lined_3, infiniplex_forest_lined_3,
          infiniplex_forest_clump_small, infiniplex_forest_lined_room_2,
          infiniplex_forest_straight_1, infiniplex_forest_end_3, uniq_robin,
          uniq_crazy_yiuf_cottage, uniq_sigmund

Skill      XL: |  1 |
---------------+----+-----
Spellcasting   | 2 |  2.5
Transmutations | 2 |  2.4
Fighting       | |  0.8
Dodging        | |  1.7
Unarmed Combat | |  2.6

Action                   || total
-------------------------++-------
Melee: Unarmed           ||    69
       Kick              ||     8
       Headbutt          ||     6
       Punch             ||     1
 Cast: Beastly Appendage ||     9
  Use: Scroll            ||     2
       Potion            ||     1
Armor: Robe              ||    11
Dodge: Dodged            ||    58

Table legend: (Time is in decaauts)
 A = Elapsed time spent in this place.
 B = Non-inter-level travel time spent in this place.
 C = Inter-level travel time spent in this place.
 D = Time resting spent in this place.
 E = Time spent auto-exploring this place.
 F = Levels seen in this place.
 G = Mean time per level.
                   A        B        C        D        E       F      G
               +--------+--------+--------+--------+--------+-----+--------+
         Total |   1199 |   1172 |     27 |    294 |    629 |   2 |  599.5 |
       Dungeon |   1199 |   1172 |     27 |    294 |    629 |   2 |  599.5 |
               +--------+--------+--------+--------+--------+-----+--------+

Top non-repeatable levels by time:
     D:1: 971 daAuts
     D:2: 227 daAuts
